 Dungeon Crawl Stone Soup version 0.22-a0-456-g11ed031 (webtiles) character file.

517 pk666 the Magician (level 7, 0/36 HPs)
             Began as a Deep Elf Fire Elementalist on June 7, 2018.
             Shot with an arrow by a centaur (12 damage)
             ... on level 4 of the Dungeon.
             The game lasted 00:09:04 (3131 turns).

pk666 the Magician (Deep Elf Fire Elementalist)     Turns: 3131, Time: 00:09:05

Health: 0/36       AC:  4    Str:  5    XL:     7   Next: 0%
Magic:  15/17      EV: 13    Int: 22    God:
Gold:   93         SH:  0    Dex: 15    Spells: 2/17 levels left

rFire    + . .     SeeInvis .   (no weapon)
rCold    x . .     Gourm    +   (no shield)
rNeg     . . .     Faith    .   a - +0 robe
rPois    .         Spirit   .   (no helmet)
rElec    .         Reflect  .   (no cloak)
rCorr    .         Harm     .   h - +0 pair of gloves
MR       .....                  u - +0 pair of boots
Stlth    ++........             p - amulet of the gourmand
HPRegen  0.12/turn              n - ring of fire
MPRegen  0.15/turn              (no ring)

@: no status effects
A: no striking features
a: no special abilities


You were on level 4 of the Dungeon.
You were completely stuffed.

You visited 1 branch of the dungeon, and saw 4 of its levels.

You collected 93 gold pieces.

Inventory:

Missiles
 m - 7 javelins (quivered)
Armour
 a - a +0 robe (worn)
 h - a +0 pair of gloves (worn)
 u - a +0 pair of boots (worn)
Jewellery
 n - a ring of fire (left hand)
 p - an amulet of the gourmand (around neck)
 t - an uncursed ring of fire
Wands
 r - a wand of flame (21)
Scrolls
 b - 2 scrolls of enchant weapon {unknown}
 e - 3 scrolls of teleportation {unknown}
 f - a scroll of noise {unknown}
 g - a scroll of random uselessness {unknown}
 i - 2 scrolls of fog {unknown}
 k - a scroll of enchant armour {unknown}
 o - a scroll of immolation {unknown}
 s - 2 scrolls of identify {unknown}
Potions
 d - 2 potions of invisibility {unknown}
 j - 3 potions of curing {unknown}
 l - 3 potions of lignification {unknown}
Comestibles
 c - 5 rations


   Skills:
 - Level 2.4 Dodging
 - Level 2.4 Stealth
 + Level 5.5 Spellcasting
 + Level 5.2 Conjurations
 * Level 2.2 Translocations
 + Level 5.1 Fire Magic


You had 2 spell levels left.
You knew the following spells:

 Your Spells              Type           Power        Failure   Level  Hunger
a - Flame Tongue          Conj/Fire      #####        1%          1    None
b - Sticky Flame          Conj/Fire      #####...     11%         4    ####...
c - Conjure Flame         Conj/Fire      #####...     3%          3    ##.....
d - Blink                 Tloc           N/A          6%          2    None
z - Fireball              Conj/Fire      #####.....   30%         5    #####..

Your spell library contained the following spells:

 Spells                   Type           Power        Failure   Level  Hunger
 Magic Dart               Conj           ####         1%          1    None
 Slow                     Hex            #.......     14%         2    None
 Throw Flame              Conj/Fire      #####.       1%          2    None
 Mephitic Cloud           Conj/Pois/Air  ##......     14%         3    ##.....
 Call Imp                 Summ           #.......     14%         2    None
 Inner Flame              Hex/Fire       ####....     10%         3    ##.....


Dungeon Overview and Level Annotations

Branches:
Dungeon (4/15)
 Temple: D:4-7

Altars:
Ashenzari
Qazlal
Uskayaw


Message History

You see here an arrow.
You start resting.
The centaur is too close now for your liking.
Casting: Flame Tongue (safe; 1% risk of failure)
Confirm with . or Enter, or press ? or * to list all spells.
Aiming: Flame Tongue (safe; 1% risk of failure)
Press: ? - help, Shift-Dir - straight line, f - centaur
Aim: a centaur, wielding a shortbow You feel a surge of power!
The flame tongue hits the centaur.
The centaur is moderately wounded.
The centaur shoots an arrow.
The arrow hits you!
Casting: Flame Tongue (safe; 1% risk of failure)
Confirm with . or Enter, or press ? or * to list all spells.
Aiming: Flame Tongue (safe; 1% risk of failure)
Press: ? - help, Shift-Dir - straight line, f/p - centaur
Aim: a centaur, wielding a shortbow (moderately wounded)
You feel a surge of power!
The flame tongue hits the centaur.
The centaur is heavily wounded.
The centaur shoots an arrow.
The arrow hits you!
You die...

#####
#...######
#.!.c....#
#...####..c.
####..@####
#
#.........#
#.##...##.#
%. ##.## #
#. ..# #
####


You could see a centaur.

Vanquished Creatures
  Sigmund (D:3)
  Menkaure (D:4)
  An orc priest (D:3)
  Jessica (D:3)
  A hound skeleton (D:4)
  6 adders
  An ooze (D:2)
  2 worms
  2 dart slugs
  4 leopard geckos
  6 orcs (D:3)
  13 bats
  6 giant cockroaches
  10 goblins
  5 hobgoblins
  2 jackals (D:3)
  8 kobolds
  4 ball pythons
  5 frilled lizards
  10 rats
89 creatures vanquished.

Notes
Turn   | Place    | Note
-------+----------+-------------------------------------------
     0 | D:1      | pk666 the Deep Elf Fire Elementalist began the quest for the Orb.
     0 | D:1      | Reached XP level 1. HP: 10/10 MP: 6/6
    47 | D:1      | Found a shattered altar of Ashenzari.
   188 | D:1      | Reached XP level 2. HP: 15/15 MP: 6/8
   805 | D:2      | Found a faded altar of an unknown god.
   864 | D:2      | Reached XP level 3. HP: 19/19 MP: 6/10
  1250 | D:2      | Found a hide-covered altar of Uskayaw.
  1250 | D:2      | Noticed a dagger
  1251 | D:2      | Noticed a hand axe
  1256 | D:2      | Reached XP level 4. HP: 17/24 MP: 9/11
  1881 | D:3      | Learned a level 4 spell: Sticky Flame
  1885 | D:3      | Learned a level 3 spell: Conjure Flame
  1918 | D:3      | Noticed Jessica
  1921 | D:3      | Killed Jessica
  1921 | D:3      | Reached XP level 5. HP: 14/28 MP: 9/13
  2304 | D:3      | Noticed Sigmund
  2324 | D:3      | Killed Sigmund
  2324 | D:3      | Reached skill level 5 in Spellcasting
  2324 | D:3      | Reached XP level 6. HP: 32/32 MP: 5/15
  2460 | D:3      | Learned a level 2 spell: Blink
  2466 | D:3      | Learned a level 5 spell: Fireball
  2518 | D:3      | Reached skill level 5 in Conjurations
  2833 | D:3      | Reached skill level 1 in Translocations
  2968 | D:4      | Found a stormy altar of Qazlal.
  2968 | D:4      | Noticed Menkaure
  2971 | D:4      | Killed Menkaure
  2971 | D:4      | Reached skill level 5 in Fire Magic
  3105 | D:4      | Reached XP level 7. HP: 36/36 MP: 14/17
  3131 | D:4      | Shot with an arrow by a centaur

Vault maps used:
D:1:      dpeg_arrival_water_temple_mockup, st_stairs_9,
          nicolae_ashenzari_panopticon
D:2:      dancing_weapons_uskayaw, chequers_ecumenical_altar_island,
          minmay_pentomino_p4
D:3:      uniq_jessica, uniq_sigmund
D:4:      grunt_qazlal_clouds, lemuel_crystal_altar, minmay_temple_entry_oklob,
          uniq_menkaure

Skill      XL: |  1  2  3  4  5  6 |
---------------+-------------------+-----
Conjurations   | 2 3 4 5 |  5.2
Spellcasting   | 4 5 |  5.5
Fire Magic     | 4 5 |  5.1
Translocations | 2 |  2.2
Dodging        | |  2.4
Stealth        | |  2.4

Action                   |  1- 3 |  4- 6 |  7- 9 || total
-------------------------+-------+-------+-------++-------
 Cast: Flame Tongue      |    59 |    86 |     3 ||   148
       Conjure Flame     |       |     1 |       ||     1
  Eat: Chunk             |     1 |    22 |       ||    23
Armor: Robe              |     5 |     4 |       ||     9
Dodge: Dodged            |    19 |    15 |       ||    34

Table legend:
 A = Spawn XP
 B = Non-spawn XP
 C = Spawn XP percentage of total XP
 D = Spawn monster count
 E = Non-spawn monster count
 F = Spawn count percentage of total count
 G = Total turns spent on level
                    A         B        C        D         E        F      G
               +---------+---------+-------+---------+---------+-------+---------
         Total |       0 |     739 |   0.0 |       0 |      89 |   0.0 |  3131
               +---------+---------+-------+---------+---------+-------+---------
           D:1 |       0 |      32 |   0.0 |       0 |      18 |   0.0 |   711
           D:2 |       0 |      84 |   0.0 |       0 |      31 |   0.0 |   993
           D:3 |       0 |     422 |   0.0 |       0 |      38 |   0.0 |  1262
           D:4 |       0 |     201 |   0.0 |       0 |       2 |   0.0 |   165
               +---------+---------+-------+---------+---------+-------+---------
